 Dungeon Crawl Stone Soup version 0.29.0-7-g18a832c13a (webtiles) character file.

Game seed: 14318716680205738095

137 ProzacElf the Sneak (level 5, -4/28 HPs)
             Began as a Kobold Necromancer on Aug 30, 2022.
             Was a Believer of Lugonu.
             Slain by a gnoll
             ... wielding a +0 spear
              (7 damage)
             ... on level 3 of the Dungeon.
             The game lasted 00:07:47 (2243 turns).

ProzacElf the Sneak (Kobold Necromancer)            Turns: 2243, Time: 00:07:48

Health: -4/28      AC:  2    Str:  7    XL:     5   Next: 44%
Magic:  8/8        EV: 15    Int: 16    God:    Lugonu [**....]
Gold:   58         SH:  0    Dex: 16    Spells: 1/9 levels left

rFire   . . .      SeeInvis .   a - +1 dagger (venom)
rCold   . . .      Faith    .   (no shield)
rNeg    . . .      Spirit   .   d - +0 robe
rPois   .          Reflect  .   (no helmet)
rElec   .          Harm     .   (no cloak)
rCorr   .          Rampage  .   (no gloves)
Will    .....                   (no boots)
Stlth   ++++......              (no amulet)
HPRegen 0.09/turn               (no ring)
MPRegen 0.11/turn               (no ring)

@: no status effects
A: small, no large weapons, nightstalker 3
a: Renounce Religion, Depart the Abyss, Bend Space


You were on level 3 of the Dungeon.
You worshipped Lugonu.
Lugonu was pleased with you.
You visited 1 branch of the dungeon, and saw 3 of its levels.

You collected 97 gold pieces.
You spent 39 gold pieces at shops.

Inventory:

Hand Weapons
 a - a +1 dagger of venom (weapon)
 b - a +0 whip
Missiles
 h - 2 throwing nets
 j - 2 boomerangs (quivered)
 k - 5 atropa-tipped darts
Armour
 d - a +0 robe (worn)
 e - a +0 ring mail
 l - a +0 leather armour
 n - a +0 pair of gloves
Magical Staves
 g - a staff of earth
Scrolls
 c - a scroll of brand weapon {unknown}
 o - 2 scrolls of torment {unknown}
 q - a scroll of immolation {unknown}
Potions
 f - a potion of magic
 i - a potion of ambrosia {unknown}
 m - a potion of might {unknown}
 p - a potion of flight {unknown}


   Skills:
 + Level 4.1 Short Blades
 - Level 2.4 Dodging
 - Level 5.0 Stealth
 - Level 2.5 Spellcasting
 + Level 4.2 Necromancy


You had one spell level left.
You knew the following spells:

 Your Spells              Type           Power      Damage    Failure   Level
a - Necrotise             Necr           60%        1d7       3%          1
b - Vampiric Draining     Necr           15%        2d7       11%         3
x - Animate Dead          Necr           15%        N/A       34%         4

Your spell library contained the following spells:

 Spells                   Type           Power      Damage    Failure   Level
 Agony                    Necr           15%        N/A       67%         5


Dungeon Overview and Level Annotations

Branches:
Dungeon (3/15)

Altars:
Okawaru
Lugonu

Shops:
D:2 *


Innate Abilities, Weirdness & Mutations

You are small and have problems with some larger weapons.
You are completely attuned to the shadows.


Message History

Tha orc barely misses ye.
Ye hit tha orc.
Tha orc looks as sick as possible!
Tha orc be almost dead.
Ye kill tha orc!
Lugonu accepts yer kill.
Nay target in view!
Nay target in view!
A gnoll comes inta view.
It be wieldin' a +0 spear.
Thin's tha be 'ere: a +0 war axe; a +0 rin' mail; an orc corpse Ye see 'ere a +0 pair o' gloves.
n - a +0 pair o' gloves A gnoll comes inta view.
It be wieldin' a +0 spear.
Tha gnoll shouts!
Tha gnoll throws a throwin' net.
Tha throwin' net hits ye.
Ye become entangled in tha net!
Ye see 'ere a throwin' net.
Ye struggle against tha net.
Ye struggle against tha net.
Ye struggle against tha net.
Tha gnoll hits ye from afar wit' a +0 spear!
Tha gnoll hits ye from afar wit' a +0 spear.
Ye take 9 damage, an' haf 19/28 hp.
MASSIVE DAMAGE!!
Ye shred tha net an' break free!
Tha gnoll barely misses ye.
Tha gnoll closely misses ye.
Tha gnoll completely misses ye.
Tha gnoll closely misses ye.
Ye hit tha gnoll.
Tha gnoll be poison'd.
Tha gnoll be moderately wounded.
Ye closely miss tha gnoll.
A gnoll comes inta view.
It be wieldin' a +0 club.
Tha gnoll hits ye wit' a +0 spear.
Tha gnoll hits ye wit' a +0 spear!
* * * LOW HITPOINT WARNIN'
* * * Ye take 13 damage, an' haf 7/28 hp.
MASSIVE DAMAGE!!
Ye closely miss tha gnoll.
Tha gnoll closely misses ye.
Tha gnoll hits ye wit' a +0 spear.
* * * LOW HITPOINT WARNIN'
* * * Ye take 4 damage, an' haf 3/28 hp.
Tha gnoll attacks as ye move away!
Tha gnoll barely misses ye.
Tha gnoll hits ye wit' a +0 spear!
Ye die...

.....<.....#.#
#.#.........#
#
#.######..####
.. #.
#..##.##.# #
#.#......#
#.#...)..#
.#...)...###
.............
##..@gg..##
##.....##
##...## ##.##
###


You could see 2 gnolls.

Vanquished Creatures
  An orc wizard (D:3)
  3 gnolls (D:2)
  An adder (D:2)
  A worm (D:2)
  4 dart slugs
  4 orcs (D:3)
  4 ball pythons
  12 bats
  6 endoplasms
  A giant cockroach (D:1)
  4 goblins
  8 hobgoblins
  A quokka (D:2)
  3 frilled lizards (D:1)
  3 kobolds (D:1)
  2 rats
58 creatures vanquished.

Notes
Turn   | Place    | Note
-------+----------+-------------------------------------------
     0 | D:1      | ProzacElf the Kobold Necromancer began the quest for the
                  | Orb.
     0 | D:1      | Reached XP level 1. HP: 10/10 MP: 3/3
    85 | D:1      | Reached skill level 3 in Stealth
   116 | D:1      | Reached XP level 2. HP: 15/15 MP: 3/5
   183 | D:1      | Reached skill level 1 in Short Blades
   260 | D:1      | Reached XP level 3. HP: 19/19 MP: 6/6
   395 | D:1      | Reached skill level 4 in Stealth
   505 | D:1      | Found a faded altar of an unknown god.
   508 | D:1      | Prayed at the altar of an unknown god.
   508 | D:1      | Became a worshipper of Lugonu the Unformed
   508 | D:1      | Reached * piety under Lugonu
   508 | D:1      | Reached ** piety under Lugonu
   635 | D:1      | Learned a level 3 spell: Vampiric Draining
  1091 | D:2      | Reached XP level 4. HP: 22/24 MP: 7/7
  1142 | D:2      | Found an iron altar of Okawaru.
  1159 | D:2      | Found Soleivye's General Store.
  1181 | D:2      | Bought a potion of curing for 39 gold pieces
  1286 | D:2      | Reached skill level 5 in Stealth
  1370 | D:2      | Reached XP level 5. HP: 28/28 MP: 8/8
  1603 | D:3      | Learned a level 4 spell: Animate Dead
  1780 | D:3      | HP: 1/28 [orc/+0 whip (5)]
  2243 | D:3      | Slain by a gnoll

Illustrated notes

Levels and vault maps discovered:
D:1:      grunt_arrival_crossed_arrows, layout_rooms,
          shapermc_ecumenical_altar_mp_vishouse
D:2:      layout_basic, serial_shops, shop, basic_altar, nicolae_titane
D:3:      minmay_thinvault, layout_loops_ring, nicolae_tso_carved_into_rock,
          nicolae_overflow_crystal_walls

Skill      XL: |  1  2  3  4  5 |
---------------+----------------+-----
Stealth        | 3 4 5 |  5.0
Short Blades   | 1 2 3 4 |  4.1
Dodging        | |  2.4
Spellcasting   | |  2.5
Necromancy     | |  4.2

Action                   |  1- 3 |  4- 6 || total
-------------------------+-------+-------++-------
Melee: Dagger            |    77 |    70 ||   147
 Cast: Necrotise         |     1 |     6 ||     7
  Use: Potion            |       |     5 ||     5
 Stab: Sleeping          |    18 |     6 ||    24
Armor: Robe              |    15 |     5 ||    20
Dodge: Dodged            |    57 |    42 ||    99
